 Dungeon Crawl Stone Soup version 0.30.1-11-g7821555f0a (webtiles) character file.

Game seed: 17526009190572817080

49 H0rd4k the Trooper (level 4, -1/35 HPs)
             Began as a Human Artificer on Dec 21, 2023.
             Slain by an orc
             ... wielding a +0 mace
              (2 damage)
             ... on level 3 of the Dungeon.
             The game lasted 00:01:41 (1828 turns).

H0rd4k the Trooper (Human Artificer)                Turns: 1828, Time: 00:01:42

Health: -1/35      AC:  4    Str: 13    XL:     4   Next: 1%
Magic:  4/4        EV: 11    Int: 13    God:
Gold:   63         SH:  0    Dex: 13    Spells: 3/3 levels left

rFire   . . .        h - +0 dagger (freeze)
rCold   . . .        (no shield)
rNeg    . . .        b - +0 leather armour
rPois   .            (no helmet)
rElec   .            g - scarf {+Inv}
rCorr   .            (no gloves)
SInv    .            j - +0 pair of boots
Will    .....        (no amulet)
Stlth   +            (no ring)
HPRegen 0.25/turn    (no ring)
MPRegen 0.09/turn

%: no passive effects
@: no status effects
A: no striking features
a: Evoke Invisibility


You were on level 3 of the Dungeon.
You visited 1 branch of the dungeon, and saw 3 of its levels.

You collected 63 gold pieces.

Inventory:

Hand Weapons
 h - a +0 dagger of freezing (weapon)
Armour
 b - a +0 leather armour (worn)
 g - a scarf of invisibility (worn)
 j - a +0 pair of boots (worn)
Wands
 c - a wand of flame (15) (quivered)
 d - a wand of charming (15)
 e - a wand of iceblast (5)
Scrolls
 a - a scroll of enchant weapon {unknown}
 f - a scroll of fear {unknown}
 l - 2 scrolls of identify {unknown}
 m - a scroll of torment {unknown}
Potions
 i - 2 potions of heal wounds {unknown}
 k - a potion of curing {unknown}


   Skills:
 + Level 3.5 Fighting
 - Level 2.0 Armour
 - Level 1.0 Dodging
 - Level 1.0 Stealth
 - Level 3.0 Evocations


You had 3 spell levels left.
You didn't know any spells.
Your spell library contained the following spells:

 Spells                   Type           Power      Damage    Failure   Level
 Slow                     Hex            0%         N/A       36%         1
 Confusing Touch          Hex            0%         N/A       75%         3
 Vampiric Draining        Necr           0%         2d6       75%         3


Dungeon Overview and Level Annotations

Branches:
Dungeon (3/15)

Altars:
The Shining One


Message History

You hit the orc. You freeze the orc.
The orc is almost dead.
The orc hits you with a +0 mace.
You barely miss the orc.
The orc is almost dead.
The endoplasm jiggles.
The orc hits you but does no damage.
You hit the orc but do no damage.
The orc is almost dead.
The orc hits you but does no damage.
You closely miss the orc.
The orc is almost dead.
The orc hits you but does no damage.
You hit the orc but do no damage.
The orc is almost dead.
The orc hits you with a +0 mace.
You hit the orc but do no damage.
The orc is almost dead.
The orc hits you but does no damage.
You closely miss the orc.
The orc is almost dead.
The orc hits you with a +0 mace.
You hit the orc but do no damage.
The orc is almost dead.
The orc closely misses you.
You hit the orc but do no damage.
The orc is almost dead.
The orc hits you with a +0 mace.
You hit the orc but do no damage.
The orc is almost dead.
The orc hits you with a +0 mace.
* * * LOW HITPOINT WARNING * * *
You hit the orc but do no damage.
The orc is almost dead.
The orc hits you with a +0 mace.
* * * LOW HITPOINT WARNING * * *
You hit the orc but do no damage.
The orc is severely wounded.
The orc hits you with a +0 mace.
You die...

..#...+
#.....#
#.####
#....#
#.<..#⌠.#
#oo...#
#J##....#
#o#
##....
#@# #.##
#..# ...
...## #.
###. ..
... .##
..


You could see 3 orcs and an endoplasm.

Vanquished Creatures
  An adder (D:2)
  A dart slug (D:2)
  An orc (D:3)
  6 bats
  3 endoplasms
  5 goblins
  4 hobgoblins (D:2)
  4 quokkas
  2 ball pythons
  3 frilled lizards (D:2)
  A rat (D:2)
31 creatures vanquished.

Notes
Turn   | Place    | Note
-------+----------+-------------------------------------------
     0 | D:1      | H0rd4k the Human Artificer began the quest for the Orb.
     0 | D:1      | Reached XP level 1. HP: 15/15 MP: 1/1
   680 | D:1      | Reached XP level 2. HP: 13/22 MP: 2/2
   736 | D:1      | Found a faded altar of an unknown god.
  1085 | D:2      | Reached XP level 3. HP: 27/28 MP: 3/3
  1138 | D:2      | Found a glowing golden altar of the Shining One.
  1816 | D:3      | Reached XP level 4. HP: 28/35 MP: 4/4
  1827 | D:3      | HP: 1/35 [orc/+0 mace (6)]
  1828 | D:3      | Slain by an orc

Illustrated notes

Levels and vault maps discovered:
D:1:      dpeg_chamrin_arrival_tetris, layout_basic,
          ebering_ecumenical_altar_box
D:2:      minmay_skewed_foursquare, layout_basic, basic_altar, minmay_tromino_i2
D:3:      layout_rooms, evilmike_ruin_ashenzari, nemelex_diamond_rough_becter,
          minmay_misc_feat_cross, serial_bayou_ford_a

Skill      XL: |  1  2  3 |
---------------+----------+-----
Fighting       | 2 3 |  3.5
Armour         | |  2.0
Dodging        | |  1.0
Stealth        | |  1.0
Evocations     | |  3.0

Action                     |  1- 3 |  4- 6 || total
---------------------------+-------+-------++-------
  Melee: Dagger            |   118 |    13 ||   131
         Club              |    10 |       ||    10
   Stab: Sleeping          |     1 |       ||     1
 Armour: Leather armour    |    42 |     4 ||    46
  Dodge: Dodged            |    89 |     1 ||    90
